Map: Tokamak LE

Players

jeannysu

  • Race: Zerg Zerg
  • Spawn Location: 7:00

치터 칸 (가장 어려움) - Winner!

  • Race: Zerg Zerg
  • Spawn Location: 1:00

VOD

Have the link to the VOD?

Description

Time

  • Played on: Sept. 3, 2025, 5:43 a.m.
  • Length: 9:08
Show
View Real Time Build Order
Export as new Build Order

jeannysu Zerg 

Build Orders: Hatch First 

Get SALT Encoding   

  12  0:00  Drone  
  13  0:12  Overlord  
  13  0:16  Drone  
  14  0:30  Drone x2  
  16  0:49  Drone, Hatchery  
  16  0:53  Drone  
  16  0:57  Drone  
  18  1:08  Extractor  
  17  1:13  Spawning Pool  
  17  1:15  Drone  
  17  1:18  Drone  
  18  1:28  Drone  
  19  1:38  Drone  
  20  1:59  Queen  
  20  2:00  Zergling x2  
  20  2:01  Zergling x2, Queen  
  24  2:03  Drone  
  27  2:10  Overlord  
  27  2:14  Metabolic Boost  
  27  2:20  Drone  
  28  2:28  Drone  
  29  2:30  Drone  
  29  2:33  Drone  
  29  2:35  Drone  
  32  2:46  Hatchery  
  32  2:48  Drone  
  32  2:52  Drone  
  32  2:54  Overlord  
  33  2:59  Drone  
  34  3:11  Queen  
  36  3:13  Queen  
  36  3:16  Drone x2  
  36  3:18  Drone  
  36  3:19  Overlord  
  41  3:20  Drone x2  
  41  3:24  Overlord  
  43  3:27  Drone  
  44  3:39  Drone x2  
  46  3:42  Zergling x2  
  47  3:51  Roach Warren  
  46  4:00  Drone x4  
  50  4:03  Drone x3  
  50  4:06  Lair, Extractor  
  50  4:07  Queen  
  50  4:09  Drone, Queen  
  57  4:12  Drone  
  57  4:13  Drone  
  57  4:15  Drone  
  60  4:30  Drone  
  60  4:31  Drone x2  
  63  4:33  Drone  
  63  4:34  Drone  
  63  4:35  Overlord x2  
  65  4:41  Evolution Chamber  
  65  4:44  Evolution Chamber  
  63  4:49  Evolution Chamber  
  62  4:57  Extractor  
  62  4:59  Extractor, Roach x3  
  66  5:03  Overlord x2  
  66  5:08  Overlord, Roach x4  
  66  5:09  Overlord  
  74  5:17  Zerg Missile Weapons Level 1  
  74  5:19  Glial Reconstitution  
  74  5:21  Zergling x2  
  74  5:22  Overlord x2  
  74  5:23  Zergling x2  
  74  5:24  Zergling x6  
  79  5:30  Overseer  
  79  5:35  Drone x3  
  81  5:37  Drone  
  83  5:50  Drone  
  83  5:51  Drone x3  
  83  5:53  Roach x6  
  99  5:57  Drone  
  100  6:06  Drone  
  101  6:11  Drone x2  
  101  6:13  Drone x2  
  101  6:16  Queen  
  107  6:20  Roach x4  
  107  6:24  Ravager x2  
  107  6:25  Ravager  
  118  6:32  Infestation Pit  
  118  6:37  Drone x4  
  121  6:41  Extractor  
  121  6:42  Extractor  
  121  6:44  Overlord x2  
  121  6:45  Zergling x6  
  121  6:46  Zerg Ground Armor Level 1  
  122  6:52  Overlord x2  
  122  7:04  Hatchery  
  122  7:08  Zergling x4  
  122  7:09  Zergling x14  
  122  7:10  Overlord x3  
  130  7:16  Hive  
  130  7:24  Drone  
  130  7:25  Drone x2  
  130  7:28  Drone  
  134  7:37  Drone x2  
  134  7:42  Baneling Nest, Roach x6  
  147  7:45  Zergling x8  
  147  7:47  Overlord  
  151  8:07  Zergling x2  
  151  8:08  Infestor x2  
  151  8:12  Roach x3  
  162  8:15  Ravager x3  
  165  8:26  Drone x7  
  172  8:28  Drone  
  172  8:31  Overseer  
  173  8:40  Zergling x2  
  173  8:41  Zergling x18  
Show
View Real Time Build Order
Export as new Build Order

치터 칸 (가장 어려움) Zerg - Winner!

Build Orders: Pool First 

Get SALT Encoding   

  12  0:00  Drone  
  13  0:11  Overlord  
  13  0:16  Drone  
  14  0:29  Drone x2  
  14  0:33  Drone  
  17  0:43  Spawning Pool  
  17  0:44  Drone  
  17  0:59  Hatchery  
  17  1:02  Drone  
  17  1:07  Extractor  
  17  1:08  Drone, Extractor  
  16  1:16  Drone  
  17  1:26  Drone  
  18  1:35  Queen  
  18  1:37  Drone  
  21  1:48  Overlord  
  21  1:59  Zergling x2  
  22  2:09  Drone  
  22  2:11  Drone, Queen  
  26  2:19  Roach Warren  
  26  2:20  Drone  
  26  2:21  Drone  
  27  2:31  Drone  
  27  2:32  Drone  
  29  2:41  Drone  
  29  2:43  Zergling x2  
  31  2:52  Overlord  
  31  2:53  Zergling x2  
  31  2:54  Drone x2  
  34  3:00  Roach  
  34  3:01  Lair  
  34  3:04  Overlord  
  36  3:08  Overlord  
  36  3:14  Roach  
  36  3:16  Roach  
  36  3:18  Zergling x4, Roach  
  44  3:22  Zergling x2, Drone  
  44  3:23  Drone  
  44  3:25  Drone  
  48  3:28  Drone  
  49  3:36  Drone  
  49  3:39  Overlord  
  50  3:47  Roach  
  52  3:51  Roach x3  
  58  3:58  Roach  
  58  4:00  Hydralisk Den  
  58  4:01  Drone  
  60  4:08  Roach  
  62  4:12  Overlord  
  62  4:15  Drone, Overlord  
  62  4:16  Drone  
  64  4:23  Overlord  
  64  4:29  Hydralisk x3  
  64  4:30  Hydralisk  
  72  4:34  Hydralisk  
  74  4:41  Hydralisk  
  74  4:43  Hydralisk x2  
  74  4:44  Hydralisk  
  82  4:45  Overlord  
  82  4:48  Hydralisk x2, Overlord  
  86  4:53  Hydralisk  
  86  4:56  Hydralisk  
  90  5:01  Metabolic Boost  
  90  5:03  Drone, Extractor  
  90  5:05  Extractor  
  89  5:08  Drone  
  89  5:11  Hatchery  
  89  5:12  Hydralisk  
  89  5:13  Drone x2, Infestation Pit  
  92  5:15  Drone  
  92  5:16  Evolution Chamber  
  92  5:18  Drone  
  92  5:20  Drone  
  94  5:22  Overlord  
  94  5:24  Drone  
  94  5:26  Drone  
  96  5:30  Drone  
  97  5:37  Drone  
  97  5:40  Ravager  
  97  5:41  Drone  
  97  5:42  Drone, Evolution Chamber  
  100  5:43  Drone, Zerg Ground Armor Level 1  
  100  5:46  Overlord  
  100  5:49  Drone  
  102  5:51  Ravager, Evolution Chamber  
  102  5:52  Drone, Infestor  
  102  5:53  Drone  
  106  6:00  Drone  
  106  6:03  Drone  
  108  6:07  Zerg Missile Weapons Level 1  
  108  6:08  Glial Reconstitution  
  108  6:09  Pneumatized Carapace  
  108  6:10  Drone, Infestor, Roach  
  113  6:11  Overlord  
  113  6:14  Drone  
  113  6:16  Zerg Melee Weapons Level 1  
  114  6:18  Overseer  
  114  6:23  Roach x2  
  114  6:24  Drone, Roach x2  
  114  6:25  Drone  
  124  6:30  Extractor  
  123  6:33  Drone, Overlord, Spine Crawler  
  123  6:34  Hatchery  
  123  6:36  Drone, Spine Crawler  
  123  6:38  Infestor  
  123  6:39  Drone x2  
  126  6:44  Drone  
  126  6:45  Drone  
  129  6:47  Drone  
  129  6:55  Neural Parasite, Infestor, Roach  
  129  6:56  Overlord, Roach x2  
  129  6:57  Burrow  
  129  6:58  Drone  
  138  7:05  Queen  
  138  7:06  Drone  
  138  7:07  Drone x2, Lurker Den  
  138  7:08  Roach  
  144  7:09  Drone, Extractor  
  144  7:14  Spore Crawler  
  144  7:15  Spore Crawler  
  142  7:16  Overlord, Spore Crawler  
  142  7:18  Drone  
  142  7:20  Drone, Spine Crawler  
  142  7:24  Overseer  
  142  7:27  Drone  
  142  7:28  Drone, Baneling Nest  
  143  7:30  Drone  
  143  7:31  Drone  
  143  7:32  Drone x2  
  143  7:36  Drone, Overlord  
  148  7:37  Drone  
  148  7:38  Drone  
  148  7:41  Drone  
  148  7:42  Drone  
  152  7:45  Drone  
  152  7:48  Drone, Queen  
  156  7:52  Drone  
  156  7:53  Drone  
  156  7:56  Overlord  
  156  7:58  Spine Crawler  
  157  8:00  Drone x4  
  157  8:02  Drone, Overseer  
  157  8:04  Drone  
  157  8:05  Drone, Roach x2  
  168  8:07  Drone, Lurker  
  168  8:10  Roach  
  168  8:11  Baneling  
  168  8:12  Baneling x2  
  172  8:13  Baneling x5  
  172  8:14  Baneling  
  172  8:15  Overlord  
  172  8:16  Zergling x2, Baneling x2  
  172  8:17  Zergling x2  
  172  8:18  Baneling  
  174  8:26  Zergling x2, Spire  
  174  8:27  Zergling x2, Drone  
  175  8:28  Zergling x2  
  175  8:33  Zergling x2, Overlord  
  178  8:35  Drone, Hatchery, Spine Crawler  
  178  8:37  Drone  
  178  8:38  Spine Crawler  
  178  8:39  Drone, Ravager  
  178  8:40  Roach  
  181  8:41  Ravager  
  181  8:42  Roach  
  181  8:43  Zergling x2  
  181  8:44  Zergling x2  
  187  8:48  Roach  
  187  8:53  Baneling  
  160  9:03  Extractor  
  160  9:06  Extractor  
Tags
 
Matchup
ZvZ
Race
Zerg
Replay Pack
새 폴더
Spawn Locations
Cross Positions
Add a new tag
Caveats
  • Supply blocks, unpowered buildings, or Contaminate may cause inaccurate times.
  • Supply counts are checked every 10 seconds.